 Dungeon Crawl Stone Soup version 0.25-a0-346-g140ab784a8 (webtiles) character file.

Game seed: 17709932347220306561, levelgen mode: deterministic

116980 Lanoc the Ripper (level 15, -7/76 HPs)
             Began as a Felid Berserker on Dec 30, 2019.
             Was a High Priest of Trog.
             Mangled by a jumping spider (17 damage)
             ... on level 4 of the Spider Nest on Dec 31, 2019.
             The game lasted 01:41:32 (36402 turns).

Lanoc the Ripper (Felid Berserker)                 Turns: 36402, Time: 01:41:33

Health: -7/76      AC:  7    Str: 15    XL:     15   Next: 90%
Magic:  0/27       EV: 36    Int: 10    God:    Trog [*****.]
Gold:   998        SH:  0    Dex: 23    Spells: 14/14 levels left
                                        Lives:  0   Deaths: 4

rFire    . . .     SeeInvis +     - Unarmed
rCold    + . .     Gourm    .   (shield unavailable)
rNeg     . . .     Faith    .   (armour unavailable)
rPois    +         Spirit   +   (helmet unavailable)
rElec    .         Reflect  .   (cloak unavailable)
rCorr    .         Harm     .   (gloves unavailable)
MR       +++..                  (boots unavailable)
Stlth    ++++++++..             N - amulet of guardian spirit
HPRegen  1.22/turn              q - ring "Dyudeps" {AC+4 Int+2}
MPRegen  0.20/turn              H - ring of Xom's Ringing Laughter {rPois MR- Str+2 Stlth+}

@: berserk cooldown, regenerating, slowed, slow
A: very small, no armour, no weapons or thrown items, stealth, claws 1, fangs 3,
see invisible, carnivore, speed 1, shaggy fur 3, slow metabolism 1, sharp paws
}: 1/15 runes: decaying
a: Berserk, Trog's Hand, Brothers in Arms, Renounce Religion


You were on level 4 of the Spider Nest.
You worshipped Trog.
Trog was extremely pleased with you.
You were very full.

You visited 6 branches of the dungeon, and saw 31 of its levels.
You also visited: Gauntlet and Ice Cave.

You collected 3157 gold pieces.
You spent 2159 gold pieces at shops.

Inventory:

Jewellery
 h - an uncursed ring of positive energy
 m - a +6 ring of evasion
 q - the ring "Dyudeps" (left paw) {AC+4 Int+2}
   (You acquired it on level 1 of the Orcish Mines)

   [ring of protection]

   It affects your AC (+4).
   It affects your intelligence (+2).
 F - an uncursed ring of protection from cold
 H - the ring of Xom's Ringing Laughter (right paw) {rPois MR- Str+2 Stlth+}
   (You found it on level 10 of the Dungeon)

   [ring of stealth]

   It affects your strength (+2).
   It protects you from poison.
   It affects your resistance to hostile enchantments.
   It makes you more stealthy.
 I - the amulet "Hiudgh" {Faith rElec rF- MR+}
   (You acquired it on level 2 of the Spider Nest)

   [amulet of faith]

   It allows you to gain divine favour quickly.
   It makes you vulnerable to fire.
   It insulates you from electricity.
   It affects your resistance to hostile enchantments.
 L - an uncursed ring of resist corrosion
 N - an amulet of guardian spirit (around neck)
 V - a +3 ring of protection
Wands
 e - a wand of polymorph (32)
 t - a wand of scattershot (11)
 u - a wand of flame (84)
 v - a wand of paralysis (25)
 x - a wand of disintegration (22)
 A - a wand of digging (11)
 C - a wand of enslavement (6)
 D - a wand of acid (7)
 G - a wand of random effects (2)
 O - a wand of iceblast (7)
Scrolls
 f - 21 scrolls of remove curse
 g - 3 scrolls of immolation
 n - 13 scrolls of teleportation
 o - 3 scrolls of fog
 p - 3 scrolls of magic mapping
 w - 7 scrolls of identify
 J - a scroll of silence
 R - a scroll of summoning
 U - a scroll of holy word
 W - a scroll of fear
Potions
 b - 3 potions of might
 c - 2 potions of haste
 d - 5 potions of brilliance
 i - 11 potions of curing
 k - 5 potions of agility
 l - 4 potions of flight
 r - a potion of cancellation
 s - 6 potions of mutation
 z - 5 potions of resistance
 E - a potion of invisibility
 M - a potion of ambrosia
 P - 2 potions of berserk rage
 Q - 2 potions of magic
 T - 3 potions of lignification
Miscellaneous
 j - a fan of gales
 y - 3 phantom mirrors
 B - a phial of floods (inert)
 K - a crystal ball of energy
 S - a lamp of fire
Comestibles
 a - 45 rations


   Skills:
 + Level 14.3 Fighting
 + Level 18.0 Dodging
 - Level 16.0 Stealth
 * Level 20.7 Unarmed Combat
 + Level 14.9 Evocations


You had 14 spell levels left.
You didn't know any spells.
Your spell library contained the following spells:

 Spells                   Type           Power        Failure   Level  Hunger
 Animate Skeleton         Necr           N/A          36%         1    ##.....
 Apportation              Tloc           #.....       36%         1    ##.....
 Confusing Touch          Hex            #.....       36%         1    ##.....
 Magic Dart               Conj           #...         36%         1    ##.....
 Sandblast                Erth           #.....       36%         1    ##.....
 Summon Small Mammal      Summ           #...         36%         1    ##.....
 Blink                    Tloc           N/A          50%         2    ###....
 Call Imp                 Summ           #.......     50%         2    ###....
 Passwall                 Tmut/Erth      #.......     50%         2    ###....
 Slow                     Hex            #.......     50%         2    ###....
 Conjure Flame            Conj/Fire      #.......     75%         3    ####...
 Mephitic Cloud           Conj/Pois/Air  #.......     75%         3    ####...
 Static Discharge         Conj/Air       #.......     75%         3    ####...
 Stone Arrow              Conj/Erth      #.....       75%         3    ####...
 Petrify                  Tmut/Erth      #.......     98%         4    #####..
 Borgnjor's Vile Clutch   Necr/Erth      #.........   100%        5    ######.
 Lee's Rapid Deconstruct  Erth           #.........   100%        5    ######.
 Lightning Bolt           Conj/Air       #.........   100%        5    ######.
 Iron Shot                Conj/Erth      #.........   100%        6    #######
 Statue Form              Tmut/Erth      #........    100%        6    #######
 Ignition                 Fire           #.........   100%        8    #######
 Shatter                  Erth           #.........   100%        9    #######
 Tornado                  Air            #.........   100%        9    #######


Dungeon Overview and Level Annotations

Branches:
Dungeon (14/15)            Temple (1/1) D:5            Lair (6/6) D:8
  Swamp (4/4) Lair:4       Spider (4/4) Lair:3        Slime (0/5) Lair:6
    Orc (2/2) D:9             Elf (0/3) Orc:2        Vaults (0/5) D:14
  IceCv (visited)         Gauntlet (visited)

Altars:
Ashenzari
Cheibriados
Dithmenos
Hepliaklqana
Kikubaaqudgha
Makhleb
Nemelex Xobeh
Ru
Sif Muna
Trog
Yredelemnul
Zin
The Shining One
Beogh
Jiyva

Shops:
D:6 ([[   D:14 =   Orc:2 ((?}((!

Annotations:
D:8 2 transporters


Innate Abilities, Weirdness & Mutations

You cannot wear armour.
You are incapable of wielding weapons or throwing items.
Your paws allow you to move quietly. (Stealth)
You have sharp claws.
You have razor-sharp teeth.
You have supernaturally acute eyesight. (SInv)
You are carnivorous and can eat meat at any time.
You cover ground quickly.
Your thick and shaggy fur keeps you warm. (AC +3, rC+)
You have a slow metabolism.
Your sharp claws are effective at attacking unaware monsters.


Message History

The ghost moth stares at you. The ghost moth closely misses you.
The ghost moth hits you.
* * * LOW HITPOINT WARNING * * *
The ghost moth completely misses you.
The emperor scorpion stings your water elemental!!
Your water elemental is destroyed!
* * * LOW HITPOINT WARNING * * *
You feel very sick.
Unknown command.
You feel better.
You feel the effects of Trog's Hand fading.
The ghost moth stares at you.
You feel your power leaking away.
The ghost moth completely misses you. x2; The ghost moth misses you.
The jumping spider leaps!
The ghost moth hits you.
* * * LOW HITPOINT WARNING * * *
The ghost moth completely misses you. The ghost moth stings you!
* * * LOW HITPOINT WARNING * * *
The jumping spider pounces on you!
You die...

#.......≈.^###..^
##.........^###.##
#...^^≈≈..####...#
#≈.####≈≈..# #.#.#
#.^# ##≈.^# #....
#..# #≈.≈# #^...
##.## #≈..≈###...
#s.# ##[.≈##...#
##E@# #≈.###....
#sy## #..# #....
#≈s# ##... #s°#
###.# #^s## #....
#†s≈# #..<#
##...s≈≈^# #.†#.
#≈......# #..†.
##≈.≈?.≈# ##.^†


You could see 2 emperor scorpions, a ghost moth (invisible), 2 orb spiders, 2
jumping spiders and a friendly water elemental.

Vanquished Creatures
  Bai Suzhen (Spider:3)
  2 Ice Fiends (IceCv)
  Rupert (D:14)
  Frances (D:14)
  8 thorn hunters
  Roxanne (Swamp:2)
  Kirke (Lair:6)
  2 ghost moths (Spider:4)
  3 emperor scorpions (Spider:4)
  5 entropy weavers
  A minotaur (Gauntlet)
  2 spark wasps (Spider:4)
  Josephine (Orc:2)
  A fire dragon (Lair:6)
  Fannar (Lair:2)
  20 hydras
  2 ghost crabs
  3 two-headed ogres
  A centaur warrior (D:14)
  6 death yaks
  3 shambling mangroves
  2 queen ants
  2 catoblepae
  A death knight (D:12)
  21 alligators
  Urug (D:14)
  An ogre mage (D:10)
  6 orc high priests (Orc:2)
  A spriggan berserker (Swamp:4)
  The ghost of LostGamesStreakFreak the Fighter, a novice CeEn (D:6)
  Nergalle (D:12)
  6 skeletal warriors
  An unseen horror (D:12)
  4 spriggan druids
  15 swamp dragons
  6 orc knights (Orc:2)
  A lindwurm (Lair:5)
  A phantasmal warrior (D:12)
  A wolf spider zombie (D:10)
  An ugly thing (D:11)
  2 oklob plants (Lair:5)
  14 orb spiders
  2 orc sorcerers
  29 wolf spiders
  A deep elf mage (D:14)
  A manticore (D:12)
  3 centaur zombies
  6 elephants
  4 torpor snails
  A black mamba (Lair:5)
  12 spiny frogs
  2 ice statues (IceCv)
  2 centaur skeletons
  2 rime drakes
  2 gargoyles
  3 freezing wraiths
  3 yaktaurs (D:13)
  4 komodo dragons
  16 demonic crawlers
  A tengu conjurer (D:10)
  24 jumping spiders
  4 trolls
  13 ice devils (IceCv)
  13 bog bodies
  6 tyrant leeches
  14 blink frogs
  6 hippogriffs
  4 dream sheep (Lair:6)
  13 hornets
  Sigmund (D:5)
  28 slime creatures
  9 shadows
  5 spriggans
  58 redbacks
  50 yaks
  2 wyverns
  19 tarantellas
  4 wraiths
  A vampire (D:14)
  22 vampire mosquitoes
  4 basilisks
  10 humans (D:14)
  2 steam dragons (Lair:6)
  3 hungry ghosts
  3 hogs (Lair:6)
  7 soldier ants
  2 wargs (D:8)
  13 swamp worms
  2 acid dragons
  8 water moccasins
  9 porcupines
  13 swamp drakes
  A hornet zombie (D:13)
  3 ice beasts
  7 sky beasts
  3 phantoms
  35 orc warriors
  3 black bears
  An eye of draining (D:12)
  6 ogres
  10 centaurs
  4 wolves (Lair:2)
  13 crocodiles
  Blork the orc (D:5)
  2 big kobolds
  16 bullfrogs
  4 scorpions
  5 wights
  12 howler monkeys
  A lava snake (Lair:1)
  A bullfrog zombie (D:10)
  3 crimson imps
  A quasit (D:10)
  31 orc priests
  2 jellies
  6 hounds
  30 orc wizards
  5 iguanas
  24 worker ants
  A killer bee zombie (D:10)
  A bullfrog simulacrum (D:10)
  2 howler monkey zombies
  A worker ant zombie (D:9)
  5 gnolls
  2 howler monkey skeletons
  14 adders
  4 shadow imps
  5 white imps (IceCv)
  8 ufetubi (IceCv)
  3 oozes
  An adder skeleton (D:8)
  2 worms (D:2)
  3 dart slugs
  4 leopard geckos
  116 orcs
  4 giant cockroaches
  11 goblins
  9 hobgoblins
  8 jackals
  15 kobolds
  8 quokkas
  2 ball pythons
  10 bats
  4 frilled lizards
  2 gnoll zombies (D:5)
  A leopard gecko zombie (D:7)
  A quokka skeleton (D:8)
  7 rats
1105 creatures vanquished.

Vanquished Creatures (collateral kills)
  An emperor scorpion (Spider:4)
  2 hydras (Swamp:3)
  A catoblepas (Lair:6)
  2 centaur warriors
  2 death yaks (Lair:4)
  An alligator (Swamp:2)
  A two-headed ogre (Orc:2)
  An orc knight (Orc:2)
  A swamp dragon (Swamp:3)
  A wolf spider (Spider:4)
  A troll (D:10)
  2 blink frogs (Lair:1)
  3 jumping spiders (Spider:4)
  A dream sheep (Lair:6)
  6 redbacks
  2 wraiths (Orc:2)
  A human (D:14)
  4 yaks
  A basilisk (Lair:6)
  2 wargs (Orc:2)
  A water moccasin (Lair:1)
  10 orc warriors (Orc:2)
  An ice beast (D:10)
  2 centaurs (D:13)
  A wight (D:14)
  8 orc priests (Orc:2)
  An iguana (D:10)
  3 orc wizards (Orc:2)
  3 gnolls (D:6)
  16 orcs (Orc:2)
82 creatures vanquished.

Vanquished Creatures (others)
  A two-headed ogre (D:14)
  An alligator (Swamp:2)
  2 swamp dragons (Swamp:2)
  An orc knight (Orc:2)
  A blink frog (Lair:1)
  2 yaks (D:10)
  2 swamp worms (Swamp:2)
  An iguana (Lair:6)
  3 white imps (IceCv)
  2 ufetubi (IceCv)
  3 orcs (Orc:2)
  3 briar patches
  5 fungi
  6 plants
33 creatures vanquished.

Grand Total: 1220 creatures vanquished

Notes
Turn   | Place    | Note
-------+----------+-------------------------------------------
     0 | D:1      | Lanoc the Felid Berserker began the quest for the Orb.
     0 | D:1      | Reached XP level 1. HP: 10/10 MP: 2/2
    61 | D:1      | Reached XP level 2. HP: 10/14 MP: 3/3
   734 | D:1      | Reached XP level 3. HP: 17/17 MP: 4/4
   741 | D:1      | Reached ** piety under Trog
  1480 | D:2      | Reached skill level 1 in Stealth
  1480 | D:2      | Reached skill level 4 in Unarmed Combat
  1535 | D:2      | Reached XP level 4. HP: 11/21 MP: 5/5
  2029 | D:2      | Found a glowing silver altar of Zin.
  2030 | D:2      | Noticed an angel
  2298 | D:3      | Reached skill level 5 in Dodging
  2298 | D:3      | Reached XP level 5. HP: 25/25 MP: 6/6
  2579 | D:3      | Reached *** piety under Trog
  2643 | D:3      | Found a faded altar of an unknown god.
  2651 | D:3      | Gained mutation: You are covered in thick fur. (AC +2)
                  | [Felid growth]
  2651 | D:3      | Reached XP level 6. HP: 28/28 MP: 7/7
  2790 | D:3      | Reached skill level 5 in Unarmed Combat
  2790 | D:3      | Reached skill level 1 in Evocations
  2982 | D:3      | Found a glowing golden altar of the Shining One.
  3592 | D:4      | Found a sparkling altar of Nemelex Xobeh.
  3914 | D:4      | Found a bloodstained altar of Trog.
  3915 | D:4      | Found a sacrificial altar of Ru.
  3938 | D:5      | Entered Level 5 of the Dungeon
  3983 | D:5      | Found a basalt altar of Yredelemnul.
  3999 | D:5      | Noticed Sigmund
  3999 | D:5      | Noticed Blork the orc
  4003 | D:5      | Found a glowing silver altar of Zin.
  4008 | D:5      | Killed Sigmund
  4008 | D:5      | Reached XP level 7. HP: 10/33 MP: 9/9
  4505 | D:5      | Killed Blork the orc
  4505 | D:5      | Reached skill level 6 in Unarmed Combat
  4626 | D:5      | Found a staircase to the Ecumenical Temple.
  4640 | Temple   | Entered the Ecumenical Temple
  5126 | D:5      | Found a shadowy altar of Dithmenos.
  5129 | D:5      | Reached XP level 8. HP: 36/36 MP: 11/11
  5309 | D:6      | Found Hyshiu's Antique Weapon Emporium.
  5384 | D:6      | Found a bloodstained altar of Trog.
  5424 | D:6      | Reached **** piety under Trog
  5475 | D:6      | Reached skill level 5 in Fighting
  5475 | D:6      | Reached skill level 5 in Stealth
  5503 | D:6      | Found Tuschoaph's Armour Shop.
  5608 | D:6      | Found Regaunka's Antique Armour Emporium.
  5611 | D:6      | Found a burning altar of Makhleb.
  5613 | D:6      | Found a shimmering blue altar of Sif Muna.
  5614 | D:6      | Found a hazy altar of Hepliaklqana.
  5682 | D:6      | Found a transporter.
  5683 | D:6      | Found a snail-covered altar of Cheibriados.
  5769 | D:6      | Noticed LostGamesStreakFreak's ghost (novice CeEn)
  5772 | D:6      | Found a transporter.
  6008 | D:6      | Killed LostGamesStreakFreak's ghost
  6008 | D:6      | Reached skill level 7 in Unarmed Combat
  6027 | D:6      | Reached XP level 9. HP: 8/41 MP: 13/13
  6698 | D:8      | Reached skill level 8 in Unarmed Combat
  6738 | D:8      | Reached skill level 5 in Evocations
  6832 | D:8      | Found a staircase to the Lair.
  7280 | D:8      | Found a shattered altar of Ashenzari.
  7363 | D:8      | Reached skill level 9 in Unarmed Combat
  7369 | D:8      | Reached ***** piety under Trog
  7523 | D:8      | Found a transporter.
  7525 | D:8      | Identified the ring of Charity {Wiz rN+ Int+3 Dex+2}
  7525 | D:8      | Noticed a centaur warrior
  7525 | D:8      | Noticed a centaur warrior
  7528 | D:8      | Noticed a troll
  7533 | D:8      | Found a transporter.
  7533 | D:8      | Noticed a cyclops
  7732 | D:9      | Found a staircase to the Orcish Mines.
  7893 | D:9      | Reached XP level 10. HP: 46/46 MP: 15/15
  8286 | D:9      | Noticed a two-headed ogre
  8302 | D:9      | Killed a two-headed ogre
  8749 | D:10     | Entered Level 10 of the Dungeon
  8751 | D:10     | Reached skill level 10 in Unarmed Combat
  9065 | D:10     | Noticed an ogre mage
  9083 | D:10     | Noticed a gargoyle
  9099 | D:10     | Reached skill level 10 in Dodging
  9169 | D:10     | Reached XP level 11. HP: 33/50 MP: 17/17
  9392 | D:10     | Killed an ogre mage
  9420 | D:10     | Noticed a skeletal warrior
  9467 | D:10     | Reached skill level 10 in Stealth
  9534 | D:10     | Killed a skeletal warrior
  9661 | D:10     | Got a flickering turquoise ring
  9663 | D:10     | Identified the ring of Xom's Ringing Laughter {rPois MR-
                  | Str+2 Stlth+} (You found it on level 10 of the Dungeon)
  9707 | D:10     | Reached skill level 11 in Unarmed Combat
  9754 | D:11     | Noticed a green ugly thing
  9756 | D:11     | Killed a green ugly thing
 10788 | D:12     | You fall into a shaft and drop 1 floor!
 10791 | D:13     | Noticed a centaur warrior
 10813 | D:13     | Killed a centaur warrior
 10989 | D:12     | Noticed a two-headed ogre
 10994 | D:12     | Killed a two-headed ogre
 11155 | D:12     | Noticed an unseen horror
 11157 | D:12     | Gained mutation: Your thick and shaggy fur keeps you warm.
                  | (AC +3, rC+) [Felid growth]
 11157 | D:12     | Reached XP level 12. HP: 56/56 MP: 19/19
 11247 | D:12     | Reached skill level 12 in Unarmed Combat
 11308 | D:12     | Noticed a death knight
 11433 | Orc:1    | Entered Level 1 of the Orcish Mines
 11601 | Orc:1    | Found a roughly hewn altar of Beogh.
 11636 | Orc:1    | Found a roughly hewn altar of Beogh.
 12199 | Orc:2    | Entered Level 2 of the Orcish Mines
 12199 | Orc:2    | Noticed a two-headed ogre
 12216 | Orc:2    | Killed a two-headed ogre
 12241 | Orc:2    | Noticed an orc high priest
 12246 | Orc:2    | Killed an orc high priest
 12246 | Orc:2    | Reached ****** piety under Trog
 12427 | Orc:2    | Found Fitomea's Weapon Emporium.
 12447 | Orc:2    | Found Qimieg's Magic Scroll Boutique.
 12461 | Orc:2    | Bought a scroll of acquirement for 832 gold pieces
 12550 | Orc:2    | Noticed Josephine
 12626 | Orc:1    | Got a vibrating wooden ring
 12628 | Orc:1    | Identified the ring "Dyudeps" {AC+4 Int+2} (You acquired it
                  | on level 1 of the Orcish Mines)
 12650 | Orc:2    | Found Aleosaupp's Weapon Shoppe.
 13526 | Orc:2    | Noticed an orc high priest
 13537 | Orc:2    | Noticed an orc high priest
 13538 | Orc:2    | Killed an orc high priest
 13663 | Orc:2    | Killed an orc high priest
 13688 | Orc:2    | Noticed an orc high priest
 13704 | Orc:2    | Killed an orc high priest
 13712 | Orc:2    | Noticed an orc high priest
 13778 | Orc:2    | Reached skill level 13 in Unarmed Combat
 13805 | Orc:2    | HP: 2/57 [orc warrior/+0 long sword (20)]
 13805 | Orc:2    | Mangled by an orc knight
 13806 | Orc:2    | Reached XP level 11. HP: -7/53 MP: 19/19
 13841 | Orc:2    | Killed Josephine
 13841 | Orc:2    | Reached XP level 12. HP: 53/58 MP: 20/20
 14151 | Orc:2    | Killed an orc high priest
 14226 | Orc:2    | Noticed an orc high priest
 14596 | Orc:2    | Killed an orc high priest
 14658 | Orc:2    | Found a staircase to the Elven Halls.
 14977 | Orc:2    | Found Pobocoda's Gadget Shop.
 14980 | Orc:2    | Found Qatsurel's Weapon Shop.
 14981 | Orc:2    | Found Ynewn's Distillery.
 14982 | Orc:2    | Found Sublit's Antique Weapon Boutique.
 14989 | Orc:2    | Bought a wand of scattershot (7) for 495 gold pieces
 15213 | Lair:1   | Entered Level 1 of the Lair of Beasts
 15516 | Lair:1   | Reached skill level 10 in Evocations
 15622 | Lair:1   | Reached skill level 10 in Fighting
 16597 | Lair:2   | Noticed Fannar
 16605 | Lair:2   | Killed Fannar
 16786 | Lair:2   | You fall into a shaft and drop 1 floor!
 16868 | Lair:3   | Found a hole to the Spider Nest.
 17417 | Lair:2   | Reached XP level 13. HP: 55/61 MP: 21/21
 17602 | Lair:2   | Reached skill level 14 in Unarmed Combat
 17963 | Lair:4   | Found a gate leading to a gauntlet.
 17980 | Gauntlet | Entered a Gauntlet
 17980 | Gauntlet | Found a transporter.
 17989 | Gauntlet | Found a transporter.
 18015 | Gauntlet | Found a transporter.
 18015 | Gauntlet | Found a transporter.
 18084 | Gauntlet | Found a transporter.
 18085 | Gauntlet | Found a transporter.
 18087 | Gauntlet | Found a transporter.
 18118 | Gauntlet | Found a transporter.
 18121 | Gauntlet | Found a transporter.
 18152 | Gauntlet | Found a transporter.
 18153 | Gauntlet | Found a transporter.
 18186 | Gauntlet | Noticed a minotaur
 18198 | Gauntlet | Killed a minotaur
 18764 | Lair:4   | Found a staircase to the Swamp.
 19474 | Lair:5   | Found an ancient bone altar of Kikubaaqudgha.
 19942 | Lair:5   | Reached skill level 15 in Unarmed Combat
 20544 | Lair:6   | Entered Level 6 of the Lair of Beasts
 20652 | Lair:6   | Reached XP level 14. HP: 67/67 MP: 21/23
 20710 | Lair:6   | Found a staircase to the Slime Pits.
 20711 | Lair:6   | Found a viscous altar of Jiyva.
 20724 | Lair:6   | Noticed Kirke
 20743 | Lair:6   | Killed Kirke
 21355 | Lair:6   | Reached skill level 16 in Unarmed Combat
 21358 | Lair:6   | HP: 4/100 [poison (poison gas)]
 21359 | Lair:6   | Succumbed to poison (poison gas)
 21360 | Lair:6   | Reached XP level 13. HP: 0/94 MP: 4/22
 21637 | Lair:6   | Killed a fire dragon
 22144 | D:12     | Noticed Nergalle
 22166 | D:12     | Killed Nergalle
 23253 | D:14     | Found a gate to the Vaults.
 23253 | D:14     | Noticed Urug
 23253 | D:14     | Noticed Rupert
 23305 | D:14     | Noticed Frances
 23309 | D:14     | Killed Frances
 23407 | D:14     | Killed Rupert
 23407 | D:14     | Reached skill level 15 in Stealth
 23407 | D:14     | Reached skill level 17 in Unarmed Combat
 23407 | D:14     | Reached XP level 14. HP: 47/68 MP: 14/23
 23419 | D:14     | Killed Urug
 23779 | D:14     | Found Uxzubiag's Jewellery Boutique.
 23996 | Orc:2    | Bought a scroll of acquirement for 832 gold pieces
 24181 | Swamp:1  | Entered Level 1 of the Swamp
 24205 | Swamp:1  | Reached skill level 15 in Dodging
 24299 | Swamp:1  | Noticed a thorn hunter
 24315 | Swamp:1  | Killed a thorn hunter
 24521 | Swamp:1  | Noticed a thorn hunter
 24526 | Swamp:1  | Killed a thorn hunter
 24669 | Swamp:1  | Noticed a thorn hunter
 24680 | Swamp:1  | Killed a thorn hunter
 24889 | Swamp:1  | Reached skill level 18 in Unarmed Combat
 25835 | Swamp:2  | Upgraded the game from 0.25-a0-341-g6f074c887a to
                  | 0.25-a0-346-g140ab784a8
 25863 | Swamp:2  | Noticed a thorn hunter
 25964 | Swamp:2  | Reached XP level 15. HP: 72/72 MP: 15/25
 26034 | Swamp:2  | Identified Roxanne's Incunabulum of Earth
 26034 | Swamp:2  | Noticed Roxanne
 26061 | Swamp:2  | Killed Roxanne
 26399 | Swamp:2  | Killed a thorn hunter
 28206 | Swamp:4  | Entered Level 4 of the Swamp
 28243 | Swamp:4  | Noticed a thorn hunter
 28263 | Swamp:4  | Killed a thorn hunter
 28544 | Swamp:4  | Noticed a thorn hunter
 28553 | Swamp:4  | Killed a thorn hunter
 28657 | Swamp:4  | Reached skill level 19 in Unarmed Combat
 28852 | Swamp:4  | Noticed a thorn hunter
 28861 | Swamp:4  | Killed a thorn hunter
 29225 | Swamp:4  | Noticed a thorn hunter
 29408 | Swamp:4  | Reached XP level 16. HP: 78/78 MP: 22/27
 29914 | Swamp:4  | Killed a thorn hunter
 31277 | Swamp:4  | Got a decaying rune of Zot
 31474 | Spider:1 | Entered Level 1 of the Spider Nest
 31580 | Spider:1 | Found a frozen archway.
 31650 | IceCv    | Entered an ice cave
 31990 | IceCv    | Noticed an Ice Fiend
 32102 | IceCv    | Noticed an Ice Fiend
 32107 | IceCv    | Killed an Ice Fiend
 32108 | IceCv    | Killed an Ice Fiend
 33194 | Spider:1 | Found a roughly hewn altar of Beogh.
 33196 | Spider:1 | Reached skill level 20 in Unarmed Combat
 34016 | Spider:2 | Reached XP level 17. HP: 65/82 MP: 21/28
 34034 | Spider:2 | HP: 2/82 [disintegration (21)]
 34037 | Spider:2 | Blown up by an orb spider
 34038 | Spider:2 | Reached XP level 16. HP: -22/79 MP: 0/27
 34098 | Spider:2 | Got a heavily runed emerald amulet
 34100 | Spider:2 | Identified the amulet "Hiudgh" {Faith rElec rF- MR+} (You
                  | acquired it on level 2 of the Spider Nest)
 35070 | Spider:3 | Noticed Bai Suzhen
 35094 | Spider:3 | Killed Bai Suzhen
 35578 | Spider:4 | Entered Level 4 of the Spider Nest
 35939 | Spider:4 | Slain by a jumping spider
 35940 | Spider:4 | Reached XP level 15. HP: -5/75 MP: 0/27
 36131 | Spider:4 | HP: 2/75 [disintegration (29)]
 36338 | Spider:4 | Noticed a ghost moth
 36355 | Spider:4 | Noticed a ghost moth
 36365 | Spider:4 | Killed a ghost moth
 36368 | Spider:4 | Noticed a ghost moth
 36371 | Spider:4 | Killed a ghost moth
 36402 | Spider:4 | Mangled by a jumping spider

Levels and vault maps discovered:
D:1:      mrwooster_arrival_statue_3, layout_basic
D:2:      layout_basic, zin_angel, minmay_quantized
D:3:      wad_woods_tower, layout_basic, tso_oasis_becter, first_ration,
          chequers_ecumenical_altar_simple_redux
D:4:      layout_basic, nemelex_xobeh_ov_fountains_minmay,
          gammafunk_temple_overflow_pools, minmay_vboxes
D:5:      layout_basic, lemuel_zombie_altar_yredelemnul,
          grunt_dithmenos_shadows, minmay_temple_entry_large_hall, basic_altar,
          uniq_sigmund, uniq_blork_the_orc
D:6:      layout_loops_ring, grunt_temple_overflow_open, serial_shops, shop,
          shop, nicolae_shop_waterfront, gammafunk_ghost_smash,
          trog_hazing_becter
D:7:      layout_rooms
D:8:      gammafunk_sealed_arena, layout_basic, lemuel_doored_altar,
          erik_lair_orcish_takeover, blue_anna_alchemist
          [blue_anna_fruit_fields, blue_anna_fruit_fields],
          grunt_decor_mini_mirrors
D:9:      layout_basic, hiddenorc2_lemuel
D:10:     minmay_the_grid_octo_triangle [minmay_the_grid_octo_77,
          minmay_the_grid_octo_prize_ultimate_mussel_roller,
          minmay_the_grid_octo_empty], layout_rooms
D:11:     layout_layer_cave
D:12:     layout_long_grid, corner_web_ring, minivault_11, uniq_nergalle
D:13:     layout_basic
D:14:     layout_loops_ring, david_vaults_3, serial_shops,
          nicolae_shop_statue_plus, kennysheep_generic_room_7, uniq_frances
Temple:   jpeg_temple_alley_garden
Lair:1:   layout_gridlike, zaba_anthole, grunt_megastairs_5
Lair:2:   layout_cave_pods, uniq_fannar
Lair:3:   layout_misc_corridors, spider_nest_entry_webs,
          nicolae_lair_grove_arrangements
Lair:4:   layout_cave_pods, minmay_swamp_entry_reptiles, gauntlet_entry_generic,
          infiniplex_staircase_pool
Lair:5:   layout_cave_pods, basic_altar, minmay_lair_oklob_chamber
Lair:6:   guppyfry_lair_end_dragon, layout_gridlike, slime_altar_1, uniq_kirke
Swamp:1:  layout_falls_marsh, evilmike_swamp_ruin_rubble_2
Swamp:2:  layout_falls_marsh, evilmike_swamp_ruin_house_1, uniq_roxanne
Swamp:3:  layout_basic_swamp, serial_swamp_ruin, evilmike_swamp_ruin_house_4,
          evilmike_swamp_ruin_house_5
Swamp:4:  swamp_basic_johnstein, layout_basic_swamp
Spider:1: nicolae_spider_mines_2, portal_ice_cave_entry_pillars_four,
          hangedman_spider_mandibles, nicolae_spider_ant_collections
Spider:2: layout_spider_delve
Spider:3: layout_spider_delve, uniq_bai_suzhen
Spider:4: grunt_spider_rune_circles, worms_lemuel
Orc:1:    minmay_goldmine, layout_caves, basic_altar, mines2_david
Orc:2:    st_orc_pillars, layout_diamond_mine, serial_shops, shop_statue,
          guppyfry_orc_lava_fort, uniq_josephine, uniq_urug

Skill      XL: |  1  2  3  4  5  6  7  8  9 10 11 12 13 14 15 16 |
---------------+-------------------------------------------------+-----
Stealth        | 1 2 4 6 8 9 11 13 15 16 | 16.0
Unarmed Combat | 4 5 6 7 9 10 11 13 17 18 19 20 | 20.7
Dodging        | 5 6 7 8 10 11 13 15 18 17 | 18.0
Fighting       | 4 5 6 7 8 10 11 12 13 14 | 14.3
Evocations     | 2 3 4 5 7 8 10 11 12 13 14 | 14.9

Action                   |  1- 3 |  4- 6 |  7- 9 | 10-12 | 13-15 | 16-18 || total
-------------------------+-------+-------+-------+-------+-------+-------++-------
Melee: Unarmed           |    78 |   178 |   314 |   946 |  1280 |   674 ||  3470
       Bite              |     6 |    17 |    31 |   120 |   207 |   111 ||   492
       Punch             |       |     1 |    10 |    64 |   138 |    91 ||   304
Invok: Berserk           |     5 |     7 |    14 |    45 |    48 |    23 ||   142
       Trog's Hand       |       |     1 |     5 |    25 |    20 |     6 ||    57
       Brothers in Arms  |       |       |     1 |     8 |     3 |     7 ||    19
Evoke: Wand              |       |       |    13 |    11 |    18 |     3 ||    45
       Phial of floods   |       |       |       |     1 |     3 |     2 ||     6
       Lamp of fire      |       |       |       |       |     2 |       ||     2
  Use: Potion            |       |     1 |       |     1 |     7 |     4 ||    13
       Scroll            |       |     1 |    12 |    12 |    18 |     3 ||    46
 Stab: Sleeping          |     6 |    15 |    16 |    46 |    59 |    45 ||   187
       Distracted        |       |       |     2 |     6 |     5 |     4 ||    17
       Petrifying        |       |       |       |       |     1 |       ||     1
  Eat: Chunk             |     9 |    13 |    25 |    81 |    81 |    35 ||   244
       Ration            |       |       |       |       |       |     4 ||     4
Armor: Skin              |     3 |     4 |     1 |    19 |    46 |    48 ||   121
Dodge: Dodged            |    64 |   138 |   299 |   853 |  1312 |   940 ||  3606

Table legend:
 A = Non-vault XP
 B = Vault XP
 C = Vault XP percentage of total XP
 D = Non-vault monster count
 E = Vault monster count
 F = Vault count percentage of total count
                 A         B        C        D         E       F
            +---------+---------+-------+---------+---------+-------
      Total |  203282 |  110434 |  35.2 |     808 |     382 |  32.1
            +---------+---------+-------+---------+---------+-------
        D:1 |      47 |       0 |   0.0 |      26 |       0 |   0.0
        D:2 |      91 |       9 |   9.0 |      18 |       6 |  25.0
        D:3 |     373 |      37 |   9.0 |      33 |       6 |  15.4
        D:4 |      39 |      68 |  63.6 |       2 |       5 |  71.4
        D:5 |     315 |     461 |  59.4 |       5 |       5 |  50.0
        D:6 |     382 |    1077 |  73.8 |      18 |      10 |  35.7
        D:7 |     323 |       0 |   0.0 |      11 |       0 |   0.0
        D:8 |    1310 |     689 |  34.5 |      36 |      10 |  21.7
        D:9 |    2785 |     522 |  15.8 |      25 |      32 |  56.1
       D:10 |    3450 |    2954 |  46.1 |      26 |      12 |  31.6
       D:11 |    3083 |       0 |   0.0 |      29 |       0 |   0.0
       D:12 |   10629 |     804 |   7.0 |      48 |       1 |   2.0
       D:13 |    6316 |       0 |   0.0 |      30 |       0 |   0.0
       D:14 |    7018 |    8899 |  55.9 |      25 |      16 |  39.0
     Lair:1 |    2790 |    1347 |  32.6 |      15 |      11 |  42.3
     Lair:2 |    5177 |    1028 |  16.6 |      25 |       1 |   3.8
     Lair:3 |    3238 |     220 |   6.4 |      15 |       1 |   6.2
     Lair:4 |    7139 |     456 |   6.0 |      18 |       4 |  18.2
     Lair:5 |    7873 |    1190 |  13.1 |      18 |       2 |  10.0
     Lair:6 |   10310 |    5155 |  33.3 |      38 |      14 |  26.9
    Swamp:1 |   19425 |       0 |   0.0 |      36 |       0 |   0.0
    Swamp:2 |   14513 |    2058 |  12.4 |      28 |       1 |   3.4
    Swamp:3 |   16528 |    1724 |   9.4 |      43 |       3 |   6.5
    Swamp:4 |   23037 |   22975 |  49.9 |      35 |      32 |  47.8
   Spider:1 |   15491 |    6650 |  30.0 |      41 |      19 |  31.7
   Spider:2 |   14277 |       0 |   0.0 |      40 |       0 |   0.0
   Spider:3 |    8271 |    5318 |  39.1 |      25 |       1 |   3.8
   Spider:4 |   15199 |   16270 |  51.7 |      45 |      30 |  40.0
      Orc:1 |    1457 |     560 |  27.8 |      14 |      20 |  58.8
      Orc:2 |    2396 |   14752 |  86.0 |      40 |      98 |  71.0
      IceCv |       0 |   11132 | 100.0 |       0 |      30 | 100.0
   Gauntlet |       0 |    4079 | 100.0 |       0 |      12 | 100.0
            +---------+---------+-------+---------+---------+-------
